 Dungeon Crawl Stone Soup version 0.27-a0-54-g64bdb92e38 (webtiles) character file.

Game seed: 7996988324060582925

109 tatocazan the Skirmisher (level 4, -2/35 HPs)
             Began as a Demonspawn Abyssal Knight on Jan 7, 2021.
             Was a Believer of Lugonu.
             Killed by divine providence
             ... invoked by an orc priest
              (14 damage)
             ... on level 3 of the Dungeon.
             The game lasted 00:02:20 (2966 turns).

tatocazan the Skirmisher (DsAK)                     Turns: 2966, Time: 00:02:21

Health: -2/35      AC:  4    Str: 13    XL:     4   Next: 59%
Magic:  6/6        EV: 12    Int: 13    God:    Lugonu [**....]
Gold:   185        SH:  0    Dex: 13    Spells: 3/3 levels left

rFire    . . .     SeeInvis .   a - +1 hand axe
rCold    + . .     Faith    .   (no shield)
rNeg     . . .     Spirit   .   b - +0 leather armour
rPois    .         Reflect  .   (helmet restricted)
rElec    .         Harm     .   l - +0 cloak
rCorr    .         Rampage  .   (no gloves)
Will     .....                  (no boots)
Stlth    ++........             (no amulet)
HPRegen  0.11/turn              e - ring of stealth
MPRegen  0.10/turn              k - ring of protection from cold

@: no status effects
A: horns 2, powered by death 1
a: Renounce Religion, Depart the Abyss, Bend Space


You were on level 3 of the Dungeon.
You worshipped Lugonu.
Lugonu was pleased with you.
You visited 1 branch of the dungeon, and saw 3 of its levels.
You visited the Abyss 1 time.

You collected 185 gold pieces.

Inventory:

Hand Weapons
 a - a +1 hand axe (weapon)
Armour
 b - a +0 leather armour (worn)
 l - a +0 cloak (worn)
Jewellery
 e - a ring of stealth (left hand)
 k - a ring of protection from cold (right hand)
Scrolls
 c - 5 scrolls of identify {unknown}
 d - a scroll of enchant armour {unknown}
 f - 2 scrolls of teleportation {unknown}
 g - a scroll of fear {unknown}
 j - 2 scrolls of amnesia {unknown}
 n - a scroll of noise {unknown}
 o - a scroll of random uselessness {unknown}
 p - a scroll of remove curse {unknown}
Potions
 h - 3 potions of curing {unknown}
 i - a potion of ambrosia {unknown}
 m - a potion of degeneration {unknown}
 q - a potion of brilliance {unknown}
 r - a potion of flight {unknown}
 s - a potion of attraction {unknown}


   Skills:
 + Level 3.5 Fighting
 + Level 2.5 Axes
 + Level 2.5 Armour
 + Level 1.9 Dodging
 + Level 3.5 Invocations


You had 3 spell levels left.
You didn't know any spells.
Your spell library was empty.

Dungeon Overview and Level Annotations

Branches:
Dungeon (3/15)

Altars:
Qazlal


Innate Abilities, Weirdness & Mutations

You have a pair of horns on your head.
You regenerate a little health from kills.


Message History

Pain shoots through your body! The orc barely misses you.
You barely miss the orc priest.
The orc priest is lightly wounded.
You closely miss the orc.
The orc priest looks satisfied for a moment.
The orc completely misses you.
You hit the orc priest but do no damage.
The orc priest is lightly wounded.
You hit the orc.
The orc priest hits you but does no damage.
The orc hits you but does no damage.
You take 2 damage, and have 24/35 hp.
You closely miss the orc.
The orc is moderately wounded.
You hit the orc priest.
The orc priest mumbles some strange prayers to Beogh against you.
Pain shoots through your body! The orc hits you but does no damage.
The orc priest mumbles some strange prayers to Beogh against you.
Beogh smites you!
You die...

### #. .. .. .# .#
######.##.# ...
#.....#..# #..#
#.####.## ..#
#.###..@# ...
#......ooo..# #.#
########..##...##..#
#.#
###.............##
.# #.#
....######..##..# #
#.. ###.# #..##..#
######.# ....#
####..##..# #......#
###.###.........#
#.####..
............##.# #.#
###


You could see an orc priest and 2 orcs.

Vanquished Creatures
  3 adders
  An ooze (D:2)
  3 worms
  4 dart slugs
  2 leopard geckos
  An orc (D:3)
  4 ball pythons
  A giant cockroach (D:2)
  3 goblins
  11 hobgoblins
  3 jackals (D:2)
  2 quokkas
  8 bats
  2 frilled lizards (D:2)
  5 kobolds
  8 rats
61 creatures vanquished.

Notes
Turn   | Place    | Note
-------+----------+-------------------------------------------
     0 | Abyss:1  | tatocazan the Demonspawn Abyssal Knight began the quest for
                  | the Orb.
     0 | Abyss:1  | Reached XP level 1. HP: 18/18 MP: 2/2
    36 | D:1      | Escaped the Abyss
   272 | D:1      | Reached skill level 1 in Dodging
   311 | D:1      | Gained mutation: You have a pair of small horns on your
                  | head. [demonic ancestry]
   311 | D:1      | Reached XP level 2. HP: 9/24 MP: 4/4
  1459 | D:2      | Reached ** piety under Lugonu
  1460 | D:2      | Gained mutation: You regenerate a little health from kills.
                  | [demonic ancestry]
  1460 | D:2      | Reached XP level 3. HP: 24/29 MP: 5/5
  1761 | D:2      | Found a stormy altar of Qazlal.
  1973 | D:2      | Gained mutation: You have a pair of horns on your head.
                  | [demonic ancestry]
  1973 | D:2      | Reached XP level 4. HP: 35/35 MP: 6/6
  2966 | D:3      | Killed from afar by an orc priest

Illustrated notes

Levels and vault maps discovered:
D:1:      amcnicky_arrival_abandoned_market, layout_loops_ring
D:2:      layout_basic, nicolae_qazlal_eye_of_the_storm
D:3:      layout_loops_ring

Skill      XL: |  1  2 |
---------------+-------+-----
Dodging        | 1 |  1.9
Axes           | 2 |  2.5
Armour         | 2 |  2.5
Invocations    | 3 |  3.5
Fighting       | |  3.5

Action                   |  1- 3 |  4- 6 || total
-------------------------+-------+-------++-------
Melee: Hand axe          |    91 |    73 ||   164
       Headbutt          |    14 |    14 ||    28
 Stab: Sleeping          |     5 |     2 ||     7
Armor: Leather armour    |    28 |    19 ||    47
Dodge: Dodged            |    54 |    55 ||   109

Table legend: (Time is in decaauts)
 A = Elapsed time spent in this place.
 B = Non-inter-level travel time spent in this place.
 C = Inter-level travel time spent in this place.
 D = Time resting spent in this place.
 E = Time spent auto-exploring this place.
 F = Levels seen in this place.
 G = Mean time per level.
                   A        B        C        D        E       F      G
               +--------+--------+--------+--------+--------+-----+--------+
         Total |   2995 |   2957 |     38 |    979 |   1569 |   4 |  748.8 |
       Dungeon |   2959 |   2921 |     38 |    979 |   1538 |   3 |  986.3 |
         Abyss |     36 |     36 |      0 |      0 |     31 |   1 |   36.0 |
               +--------+--------+--------+--------+--------+-----+--------+

Top non-repeatable levels by time:
     D:2: 1102 daAuts
     D:1: 1065 daAuts
     D:3: 792 daAuts
 Abyss:1: 36 daAuts
